| TOP OF THE 1ST |
|
New York Yankees batting - Pitching for Houston Astros : LHP Kevin Rogers
|
|
Pitching: LHP Kevin Rogers
|
|
|
Batting: RHB Tyrone Taylor
|
0-0: Foul Ball, location: 23F 0-1: Ball 1-1: Foul Ball, location: 5SF 1-2: Foul Ball, location: 3DF 1-2: Ground out 4-3 (Groundball, 4, EV 88.8 MPH)
|
|
Batting: RHB Willy Adames
|
0-0: Ball 1-0: Swinging Strike 1-1: Ball 2-1: Ball 3-1: Foul Ball, location: 2F 3-2: Strikes out looking
|
|
Batting: RHB Israel Ávila
|
0-0: Called Strike 0-1: Foul Ball, location: 9LDF 0-2: Foul Ball, location: 2F 0-2: Fly out, F8 (Flyball, 8RS, EV 98.8 MPH)
|
| Top of the 1st over - 0 runs, 0 hits, 0 errors, 0 left on base; New York 0 - Houston 0 |
| BOTTOM OF THE 1ST |
|
Houston Astros batting - Pitching for New York Yankees : RHP Billy Bell
|
|
Pitching: RHP Billy Bell
|
|
|
Batting: RHB Lane Thomas
|
0-0: SINGLE (Line Drive, 7S, EV 105.6 MPH)
|
|
Batting: LHB José Villarreal
|
0-0: Ball 1-0: Bunted foul 1-1: Bunt missed! 1-2: Ball 2-2: Strikes out looking
|
|
Batting: LHB Claude Spears
|
0-0: Ball 1-0: Ball 2-0: Ball 3-0: Called Strike 3-1: Foul Ball, location: 3F 3-2: Foul Ball, location: 7LSF 3-2: 2-RUN HOME RUN (Flyball, 89XD, EV 103.8 MPH), Distance : 411 ft
|
|
Batting: RHB Starlin Castro
|
0-0: Called Strike 0-1: Ball 1-1: Called Strike 1-2: Ball 2-2: SINGLE (Line Drive, 6D, EV 95.6 MPH)
|
|
Batting: LHB Steve McGuire
|
0-0: Ball 1-0: Ball Wild Pitch! Starlin Castro to second 2-0: Ball 3-0: Called Strike 3-1: Swinging Strike 3-2: Ground out 1-3 (Groundball, 34S, EV 61.9 MPH)
|
|
Batting: RHB Jimmy Hanna
|
0-0: Foul Ball, location: 5F 0-1: Fly out, F7 (Line Drive, 7, EV 91.3 MPH)
|
| Bottom of the 1st over - 2 runs, 3 hits, 0 errors, 1 left on base; New York 0 - Houston 2 |
| TOP OF THE 2ND |
|
New York Yankees batting - Pitching for Houston Astros : LHP Kevin Rogers
|
|
Batting: RHB Li-Jen Chu
|
0-0: Ground out 5-3 (Groundball, 5, EV 108.8 MPH)
|
|
Batting: SHB Jonah Heim
|
0-0: Foul Ball, location: 3F 0-1: Ball 1-1: Foul Ball, location: 5F 1-2: Ball 2-2: SINGLE (Groundball, 2R, EV 75.6 MPH) (infield hit)
|
|
Batting: RHB Wyatt Mathisen
|
0-0: SINGLE (Groundball, 4D, EV 94.4 MPH) Jonah Heim to second Jonah Heim to third
|
|
Batting: SHB Bob MacKerchar
|
0-0: Called Strike 0-1: Called Strike 0-2: Ball 1-2: Ball 2-2: Fly out, F7 (Line Drive, 78M, EV 96.9 MPH) Runner from 3rd tags up, SCORES, no throw by LF
|
|
Batting: RHB Kurt Newton
|
0-0: Called Strike 0-1: Fly out, F9 (Flyball, 9D, EV 92.5 MPH)
|
| Top of the 2nd over - 1 run, 2 hits, 0 errors, 1 left on base; New York 1 - Houston 2 |
| BOTTOM OF THE 2ND |
|
Houston Astros batting - Pitching for New York Yankees : RHP Billy Bell
|
|
Batting: RHB U-suk Ok
|
0-0: Ball 1-0: TRIPLE (Line Drive, 89XD, EV 102.5 MPH)
|
|
Batting: RHB Art Morrison
|
0-0: Ball 1-0: Ground out 5-3 (Groundball, 56S, EV 66.9 MPH) U-suk Ok scores
|
|
Batting: RHB Ed van Zandvliet
|
0-0: Called Strike 0-1: Ball 1-1: Ball 2-1: Ball 3-1: Called Strike 3-2: Base on Balls
|
|
Batting: RHB Lane Thomas
|
0-0: Ball 1-0: Swinging Strike 1-1: Called Strike 1-2: Ball 2-2: Grounds into double play, 6-4-3 (Groundball, 6, EV 102.5 MPH)
|
| Bottom of the 2nd over - 1 run, 1 hit, 0 errors, 0 left on base; New York 1 - Houston 3 |
| TOP OF THE 3RD |
|
New York Yankees batting - Pitching for Houston Astros : LHP Kevin Rogers
|
|
Batting: LHB Álex Guiñónes
|
0-0: Foul Ball, location: 7LDF 0-1: Ground out 6-3 (Groundball, 6, EV 82.5 MPH)
|
|
Batting: RHB Tyrone Taylor
|
0-0: SINGLE (Groundball, 6MD, EV 97.5 MPH)
|
|
Batting: RHB Willy Adames
|
0-0: Called Strike 0-1: Called Strike 0-2: Ball Wild Pitch! Tyrone Taylor to second 1-2: Foul Ball, location: 5DF 1-2: Strikes out looking
|
|
Batting: RHB Israel Ávila
|
0-0: Called Strike 0-1: Ball 1-1: Foul Ball, location: 9LDF 1-2: Ball 2-2: Ball 3-2: Base on Balls
|
|
Batting: RHB Li-Jen Chu
|
0-0: Ball 1-0: Ball 2-0: Fly out, F7 (Flyball, 7D, EV 96.9 MPH)
|
| Top of the 3rd over - 0 runs, 1 hit, 0 errors, 2 left on base; New York 1 - Houston 3 |
| BOTTOM OF THE 3RD |
|
Houston Astros batting - Pitching for New York Yankees : RHP Billy Bell
|
|
Batting: LHB José Villarreal
|
0-0: SINGLE (Groundball, 23, EV 72.5 MPH) (infield hit)
|
|
Batting: LHB Claude Spears
|
0-0: Ball 1-0: Ball 2-0: Called Strike 2-1: Ball 3-1: Fly out, F7 (Flyball, 7, EV 85.0 MPH)
|
|
Batting: RHB Starlin Castro
|
0-0: Foul Ball, location: 7LMFF 0-1: Ball 1-1: Ball 2-1: Ball 3-1: Called Strike 3-2: Base on Balls José Villarreal to second
|
|
Batting: LHB Steve McGuire
|
0-0: Foul Ball, location: 2F 0-1: Foul Ball, location: 3F 0-2: Ball 1-2: Fielders Choice at 2nd, 4-6 (Groundball, 4, EV 85.6 MPH) José Villarreal to third
|
|
Batting: RHB Jimmy Hanna
|
0-0: Called Strike 0-1: Ball 1-1: Ball 2-1: SINGLE (Groundball, 34D, EV 98.1 MPH) José Villarreal scores Steve McGuire to second Runner from 2nd tries for 3rd, SAFE, throw by RF made at trailing runner, OUT! 9-3-6
|
| Bottom of the 3rd over - 1 run, 2 hits, 0 errors, 1 left on base; New York 1 - Houston 4 |
| TOP OF THE 4TH |
|
New York Yankees batting - Pitching for Houston Astros : LHP Kevin Rogers
|
|
Batting: SHB Jonah Heim
|
0-0: Ball 1-0: Called Strike 1-1: Foul Ball, location: 3SF 1-2: Ball 2-2: SINGLE (Line Drive, 8LS, EV 85.6 MPH)
|
|
Batting: RHB Wyatt Mathisen
|
0-0: Foul Ball, location: 7LSF 0-1: Foul Ball, location: 2F 0-2: Ball 1-2: Ball 2-2: Ball 3-2: Fly out, F8 (Line Drive, 8LS, EV 95.6 MPH)
|
|
Batting: SHB Bob MacKerchar
|
0-0: Foul Ball, location: 2F 0-1: Ball 1-1: Ball 2-1: Called Strike 2-2: Foul Ball, location: 9LDF 2-2: Foul Ball, location: 2F 2-2: Ball 3-2: Foul Ball, location: 2F 3-2: Base on Balls Jonah Heim to second
|
|
Batting: RHB Kurt Newton
|
0-0: Ball 1-0: Called Strike 1-1: Called Strike 1-2: Foul Ball, location: 2F 1-2: Fly out, F9 (Flyball, 9, EV 96.3 MPH)
|
|
Batting: LHB Álex Guiñónes
|
0-0: Fly out, F7 (Flyball, 78M, EV 86.3 MPH)
|
| Top of the 4th over - 0 runs, 1 hit, 0 errors, 2 left on base; New York 1 - Houston 4 |
| BOTTOM OF THE 4TH |
|
Houston Astros batting - Pitching for New York Yankees : RHP Billy Bell
|
|
Batting: RHB U-suk Ok
|
0-0: Ball 1-0: Called Strike 1-1: Ground out U3 (Groundball, 34, EV 90.6 MPH)
|
|
Batting: RHB Art Morrison
|
0-0: Fly out, F9 (Flyball, 9, EV 93.1 MPH)
|
|
Batting: RHB Ed van Zandvliet
|
0-0: Swinging Strike 0-1: Ground out 1-3 (Groundball, 13S, EV 75.0 MPH)
|
| Bottom of the 4th over - 0 runs, 0 hits, 0 errors, 0 left on base; New York 1 - Houston 4 |
| TOP OF THE 5TH |
|
New York Yankees batting - Pitching for Houston Astros : LHP Kevin Rogers
|
|
Batting: RHB Tyrone Taylor
|
0-0: Called Strike 0-1: Ball 1-1: Ball 2-1: Ball 3-1: Base on Balls
|
|
Batting: RHB Willy Adames
|
0-0: Ball 1-0: Ball 2-0: Called Strike 2-1: Ball 3-1: Foul Ball, location: 2F 3-2: Base on Balls Tyrone Taylor to second
|
|
Batting: RHB Israel Ávila
|
0-0: Ball 1-0: SINGLE (Line Drive, 8LS, EV 98.8 MPH) Tyrone Taylor to third Willy Adames to second Runner from 3rd tries for Home, SAFE, throw by CF to trailing runner, OUT at third! 8-3-5
|
|
Batting: RHB Li-Jen Chu
|
0-0: Foul Ball, location: 3FF 0-1: Ball 1-1: Foul Ball, location: 9LSFF 1-2: DOUBLE (Line Drive, 7LS, EV 100.6 MPH) Israel Ávila to third
|
|
Batting: SHB Jonah Heim
|
0-0: Called Strike 0-1: Ball 1-1: Foul Ball, location: 3FF 1-2: Ground out 3-1 (Groundball, 34, EV 83.8 MPH)
|
|
Batting: RHB Wyatt Mathisen
|
0-0: Foul Ball, location: 2F 0-1: Ball 1-1: Fly out, F7 (Flyball, 78M, EV 99.4 MPH)
|
| Top of the 5th over - 1 run, 2 hits, 0 errors, 2 left on base; New York 2 - Houston 4 |
| BOTTOM OF THE 5TH |
|
Houston Astros batting - Pitching for New York Yankees : RHP Billy Bell
|
|
Batting: RHB Lane Thomas
|
0-0: Called Strike 0-1: Called Strike 0-2: Ball 1-2: Foul Ball, location: 9LSF 1-2: SINGLE (Line Drive, 4MD, EV 95.0 MPH)
|
|
Batting: LHB José Villarreal
|
0-0: Fielders Choice at 2nd, 1-6 (Groundball, P, EV 67.5 MPH)
|
|
Batting: LHB Claude Spears
|
0-0: Foul Ball, location: 25FF 0-1: Swinging Strike 0-2: Ball 1-2: Foul Ball, location: 23F 1-2: Grounds into double play, 6-4-3 (Groundball, 6, EV 102.5 MPH)
|
| Bottom of the 5th over - 0 runs, 1 hit, 0 errors, 0 left on base; New York 2 - Houston 4 |
| TOP OF THE 6TH |
|
New York Yankees batting - Pitching for Houston Astros : LHP Kevin Rogers
|
|
Batting: SHB Bob MacKerchar
|
0-0: Called Strike 0-1: Swinging Strike 0-2: Foul Ball, location: 3F 0-2: Ball 1-2: Ball 2-2: Foul Ball, location: 25F 2-2: Fly out, F8 (Flyball, 8RXD, EV 95.6 MPH)
|
|
Batting: RHB Kurt Newton
|
0-0: Ball 1-0: Fly out, F8 (Line Drive, 8LS, EV 92.5 MPH)
|
|
Batting: LHB Álex Guiñónes
|
0-0: Ball 1-0: Foul Ball, location: 3F 1-1: Foul Ball, location: 3DF 1-2: Ball 2-2: Ball 3-2: Fly out, F7 (Line Drive, 7D, EV 88.8 MPH)
|
| Top of the 6th over - 0 runs, 0 hits, 0 errors, 0 left on base; New York 2 - Houston 4 |
| BOTTOM OF THE 6TH |
|
Houston Astros batting - Pitching for New York Yankees : RHP Billy Bell
|
|
Batting: RHB Starlin Castro
|
0-0: Called Strike 0-1: Ground out 6-3 (Groundball, 6, EV 85.6 MPH)
|
|
Batting: LHB Steve McGuire
|
0-0: Called Strike 0-1: Foul Ball, location: 2F 0-2: Fly out, F8 (Flyball, 8RD, EV 86.3 MPH)
|
|
Batting: RHB Jimmy Hanna
|
0-0: Called Strike 0-1: Ball 1-1: Foul Ball, location: 5DF 1-2: Ball 2-2: Ground out 6-3 (Groundball, 6, EV 82.5 MPH)
|
| Bottom of the 6th over - 0 runs, 0 hits, 0 errors, 0 left on base; New York 2 - Houston 4 |
| TOP OF THE 7TH |
|
New York Yankees batting - Pitching for Houston Astros : LHP Kevin Rogers
|
|
Pitching: LHP Blake Snell
|
|
|
Batting: RHB Tyrone Taylor
|
0-0: Foul Ball, location: 5SF 0-1: SINGLE (Groundball, 3S, EV 66.9 MPH) (infield hit)
|
|
Batting: RHB Willy Adames
|
0-0: Ball 1-0: Called Strike 1-1: Ball 2-1: Fly out, F7 (Flyball, 7LM, EV 96.9 MPH)
|
|
Batting: RHB Israel Ávila
|
0-0: Ball 1-0: Grounds into double play, 4-6-3 (Groundball, 34, EV 87.5 MPH)
|
| Top of the 7th over - 0 runs, 1 hit, 0 errors, 0 left on base; New York 2 - Houston 4 |
| BOTTOM OF THE 7TH |
|
Houston Astros batting - Pitching for New York Yankees : RHP Billy Bell
|
|
Batting: RHB U-suk Ok
|
0-0: Called Strike 0-1: Ball 1-1: Reached on error, E5 (Groundball, 5L, EV 78.1 MPH)
|
|
Batting: RHB Art Morrison
|
0-0: Intentional Walk
|
|
Batting: RHB Ed van Zandvliet
|
0-0: SINGLE (Flyball, 8RS, EV 88.1 MPH) U-suk Ok to third Art Morrison to second
|
|
Batting: RHB Lane Thomas
|
0-0: Foul Ball, location: 2F 0-1: Ball 1-1: Ball 2-1: Fly out, F9 (Flyball, 9, EV 90.6 MPH) Runner from 3rd tags up, SCORES, no throw by RF
|
|
Pitching: LHP Raymond Rodriguez
|
|
|
Batting: LHB José Villarreal
|
0-0: Ball 1-0: Ball 2-0: Called Strike 2-1: Ball 3-1: Called Strike 3-2: Fielders Choice at 2nd, 4-6 (Groundball, 34D, EV 91.3 MPH) Art Morrison to third
|
|
Batting: LHB Claude Spears
|
0-0: Called Strike 0-1: Called Strike 0-2: Strikes out looking
|
| Bottom of the 7th over - 1 run, 1 hit, 1 error, 2 left on base; New York 2 - Houston 5 |
| TOP OF THE 8TH |
|
New York Yankees batting - Pitching for Houston Astros : LHP Blake Snell
|
|
Batting: RHB Li-Jen Chu
|
0-0: Ball 1-0: Foul Ball, location: 25FF 1-1: Ball 2-1: Fly out, F9 (Flyball, 89M, EV 91.9 MPH)
|
|
Batting: SHB Jonah Heim
|
0-0: Ball 1-0: Ball 2-0: Called Strike 2-1: Called Strike 2-2: Ball 3-2: Foul Ball, location: 7LMF 3-2: SINGLE (Groundball, 3, EV 101.9 MPH)
|
|
Batting: RHB Wyatt Mathisen
|
0-0: Called Strike 0-1: Swinging Strike 0-2: Foul Ball, location: 7LSFF 0-2: Ball 1-2: Ball 2-2: Ball 3-2: Foul Ball, location: 9LMF 3-2: Grounds into double play, 3-6-3 (Groundball, 34, EV 81.9 MPH)
|
| Top of the 8th over - 0 runs, 1 hit, 0 errors, 0 left on base; New York 2 - Houston 5 |
| BOTTOM OF THE 8TH |
|
Houston Astros batting - Pitching for New York Yankees : LHP Raymond Rodriguez
|
|
Pitching: RHP Walt Reilly
|
|
|
Batting: RHB Starlin Castro
|
0-0: Swinging Strike 0-1: Foul Ball, location: 2F 0-2: Ball 1-2: Ball 2-2: SINGLE (Line Drive, 56D, EV 108.1 MPH)
|
|
Batting: LHB Steve McGuire
|
0-0: Ball 1-0: Ball 2-0: Called Strike 2-1: 2-RUN HOME RUN (Flyball, 9LD, EV 92.5 MPH), Distance : 341 ft
|
|
Batting: RHB Jimmy Hanna
|
0-0: Ball 1-0: Called Strike 1-1: Ball 2-1: Foul Ball, location: 2F 2-2: Ball 3-2: Strikes out swinging
|
|
Batting: RHB U-suk Ok
|
0-0: Called Strike 0-1: Ball 1-1: Called Strike 1-2: Strikes out swinging
|
|
Batting: RHB Art Morrison
|
0-0: Called Strike 0-1: Ball 1-1: Ball 2-1: Ball 3-1: Ground out 4-3 (Groundball, 34, EV 101.3 MPH)
|
| Bottom of the 8th over - 2 runs, 2 hits, 0 errors, 0 left on base; New York 2 - Houston 7 |
| TOP OF THE 9TH |
|
New York Yankees batting - Pitching for Houston Astros : LHP Blake Snell
|
|
Pitching: RHP Eric Guy
|
|
|
Batting: SHB Bob MacKerchar
|
0-0: Fly out, F7 (Line Drive, 7, EV 90.6 MPH)
|
|
Batting: RHB Kurt Newton
|
0-0: Foul Ball, location: 23F 0-1: Ball 1-1: Swinging Strike 1-2: Ball 2-2: Ball 3-2: Strikes out swinging
|
|
Batting: LHB Álex Guiñónes
|
0-0: Ball 1-0: Ball 2-0: Ball 3-0: Called Strike 3-1: Fly out, F8 (Flyball, 89D, EV 85.0 MPH)
|
| Top of the 9th over - 0 runs, 0 hits, 0 errors, 0 left on base; New York 2 - Houston 7 |
|